AoeStats
← ska_18

Arena

506134663Analyzed
3v3 RM · 19d ago on Sep 12, 2026· 88m 24s· 6 players
Game mode
Random Map
Map size
Normal (6 player)
Population
200
Speed
Normal
Resources
Standard
Victory
Conquest
Starting age
Dark Age
Ending age
Imperial Age
RankedLock teamsTeams togetherTeam positionsShared explorationLock speedFull tech treeHidden civsTurbo modeCheats
Victory
Defeat
🇳🇱 Spanish · Netherlands
989
+17
🇦🇹 Saracens · Austria
978
+17
🇷🇺 Mongols · Russia
940
+19
🇺🇸 Teutons · United States
1030
-19
🇹🇼 Poles · Taiwan
1001
-17
🇺🇸 Bohemians · United States
989
-17
ska_18
10:05 Feudal Age
12:44 Loom
15:43 Castle Age
13:51 Double-Bit Axe
14:18 Horse Collar
17:32 Wheelbarrow
16:51 Town Watch
17:22 Bow Saw
17:35 Town Watch
21:25 Fletching
28:44 Imperial Age
28:09 Gold Mining
28:10 Stone Mining
31:05 Gold Shaft Mining
31:08 Forging
31:04 Scale Barding Armor
32:05 Hand Cart
37:21 Conscription
38:19 Bodkin Arrow
39:52 Bracer
42:11 Heavy Plow
49:16 Two-Man Saw
49:12 Iron Casting
48:58 Chain Barding Armor
50:50 Town Patrol
53:22 Chemistry
52:04 Treadmill Crane
53:39 Ballistics
53:30 Masonry
55:14 Padded Archer Armor
56:18 Leather Archer Armor
57:19 Murder Holes
57:40 Bloodlines
57:31 Husbandry
56:52 Light Cavalry
58:28 Hoardings
58:35 Caravan
59:06 Coinage
58:34 Elite Mameluke
60:29 Plate Barding Armor
61:26 Blast Furnace
62:04 Herbal Medicine
63:20 Siege Engineers
63:26 Fortified Wall
69:41 Banking
72:03 Fervor
72:19 Sanctity
75:03 Bimaristan
Shaci
2:37 Loom
9:45 Feudal Age
10:15 Double-Bit Axe
16:04 Castle Age
16:21 Horse Collar
19:40 Wheelbarrow
19:53 Bow Saw
20:38 Heavy Plow
26:13 Hand Cart
26:00 Gold Mining
30:51 Imperial Age
28:44 Ballistics
28:26 Fletching
29:37 Bodkin Arrow
31:04 Gold Shaft Mining
31:19 Stone Mining
31:43 Onager
32:58 Conscription
33:26 Bloodlines
33:45 Fortified Wall
37:40 Chemistry
36:07 Elite Mangudai
37:42 Husbandry
37:44 Bracer
38:19 Siege Engineers
39:07 Drill
39:55 Siege Onager
43:39 Padded Archer Armor
43:49 Forging
43:45 Scale Barding Armor
47:26 Light Cavalry
48:34 Leather Archer Armor
48:55 Iron Casting
48:40 Hussar
55:52 Caravan
61:03 Chain Barding Armor
67:26 Blast Furnace
vdL
12:17 Feudal Age
12:56 Horse Collar
13:05 Double-Bit Axe
17:23 Castle Age
16:37 Gold Mining
27:40 Loom
30:26 Imperial Age
28:24 Bow Saw
29:07 Wheelbarrow
29:22 Heavy Plow
29:36 Forging
29:31 Scale Barding Armor
29:42 Stone Mining
30:51 Iron Casting
30:29 Bloodlines
30:20 Husbandry
31:28 Scale Mail Armor
30:53 Pikeman
31:34 Squires
31:35 Cavalier
32:36 Town Watch
33:58 Blast Furnace
32:21 Halberdier
33:34 Conscription
34:40 Chain Mail Armor
35:06 Fortified Wall
35:45 Ballistics
35:36 Masonry
34:50 Light Cavalry
36:15 Plate Mail Armor
35:58 Arson
36:37 Chain Barding Armor
37:23 Two-Man Saw
37:51 Paladin
40:16 Architecture
40:06 Hand Cart
40:40 Plate Barding Armor
39:58 Fletching
41:12 Hussar
42:34 Town Patrol
42:38 Caravan
43:06 Bodkin Arrow
45:47 Hoardings
45:17 Bracer
47:12 Elite Conquistador
47:59 Padded Archer Armor
49:20 Chemistry
49:30 Leather Archer Armor
51:13 Onager
66:20 Ring Archer Armor
75:14 Capped Ram
KingRiles
11:35 Feudal Age
13:02 Loom
16:00 Castle Age
13:55 Horse Collar
14:37 Double-Bit Axe
18:36 Wheelbarrow
19:51 Bow Saw
27:25 Hand Cart
30:52 Imperial Age
28:20 Gold Mining
28:21 Stone Mining
29:00 Town Watch
29:45 Bloodlines
30:01 Scale Barding Armor
32:34 Chain Barding Armor
32:25 Forging
34:23 Conscription
34:11 Capped Ram
36:00 Stone Shaft Mining
36:43 Scale Mail Armor
37:19 Iron Casting
38:08 Elite Teutonic Knight
39:49 Chain Mail Armor
40:35 Blast Furnace
41:15 Ironclad
46:24 Heavy Plow
46:57 Plate Mail Armor
48:38 Plate Barding Armor
51:38 Cavalier
55:07 Paladin
74:00 Two-Man Saw
73:19 Squires
73:07 Arson
72:42 Pikeman
74:42 Halberdier
86:34 Caravan
86:47 Guilds
KingClueless
11:29 Feudal Age
16:00 Castle Age
14:24 Double-Bit Axe
15:33 Horse Collar
23:15 Bow Saw
22:48 Horse Collar
22:35 Pikeman
26:01 Wheelbarrow
29:40 Imperial Age
27:21 Pikeman
28:39 Heavy Plow
28:59 Forging
28:49 Scale Mail Armor
32:11 Chemistry
31:32 Ballistics
30:53 Halberdier
31:37 Squires
33:25 Hand Cart
34:05 Houfnice
35:46 Conscription
36:47 Chain Mail Armor
37:09 Iron Casting
37:29 Elite Hussite Wagon
41:19 Siege Engineers
41:25 Fletching
42:37 Blast Furnace
42:07 Plate Mail Armor
42:03 Wagenburg Tactics
43:34 Town Watch
43:34 Loom
47:33 Elite Skirmisher
48:57 Bodkin Arrow
52:14 Bombard Tower
64:34 Bracer
64:35 Arrowslits
65:07 Masonry
66:34 Caravan
88:17 Arson
b96504061
7:18 Loom
10:43 Feudal Age
11:55 Double-Bit Axe
11:52 Horse Collar
18:22 Castle Age
17:09 Forging
18:44 Bloodlines
22:09 Fletching
28:44 Heavy Plow
28:47 Gold Mining
30:14 Iron Casting
36:30 Imperial Age
36:13 Szlachta Privileges
36:13 Husbandry
36:52 Cavalier
39:22 Blast Furnace
38:27 Scale Barding Armor
37:47 Cavalier
39:34 Crop Rotation
39:41 Wheelbarrow
39:18 Bow Saw
40:48 Bodkin Arrow
40:54 Padded Archer Armor
41:16 Stone Mining
41:58 Hand Cart
41:25 Elite Skirmisher
42:11 Thumb Ring
42:10 Bracer
42:25 Leather Archer Armor
41:39 Pikeman
43:16 Stone Shaft Mining
44:45 Crossbowman
45:27 Arbalester
46:31 Leather Archer Armor
48:14 Ballistics
48:55 Chemistry
48:18 Chain Barding Armor
51:21 Town Watch
51:51 Light Cavalry
52:46 Scale Mail Armor
57:04 Town Patrol
56:27 Winged Hussar
60:29 Lechitic Legacy
60:29 Conscription
60:36 Chain Mail Armor
61:56 Caravan
62:28 Coinage
66:34 Squires
66:20 Arson
Connection lost

Rejoining the realm…

Still unreachable

The connection could not be restored.

Session expired

The server has moved on; the page needs a fresh start.